 Dungeon Crawl Stone Soup version 0.22-a0-467-g5c5de1c (webtiles) character file.

6910 Yama the Magician (level 11, -3/84 HPs)
             Began as a Gnoll Skald on June 10, 2018.
             Was a High Priest of Cheibriados.
             Slain by a yak (18 damage)
             ... on level 10 of the Dungeon.
             The game lasted 01:19:36 (11252 turns).

Yama the Magician (Gnoll Skald)                    Turns: 11252, Time: 01:19:38

Health: -3/84      AC: 17    Str: 24 (25) XL:     11   Next: 7%
Magic:  4/22       EV: 20    Int: 27      God:    Cheibriados [*****.]
Gold:   303        SH:  7    Dex: 28      Spells: 3/25 levels left

rFire    . . .     SeeInvis +   a - +1 mace
rCold    + . .     Gourm    .   n - +0 buckler
rNeg     . . .     Faith    .   w - +2 robe of Lugoal {MR+ SInv}
rPois    .         Spirit   .   h - +0 helmet
rElec    .         Reflect  .   (no cloak)
rCorr    .         Harm     .   t - +2 pair of gloves
MR       +....                  (no boots)
Stlth    ++++......             (no amulet)
HPRegen  0.24/turn              s - ring of wizardry
MPRegen  0.18/turn              D - ring of protection from cold

@: icy armour, slowed, very slow
A: distributed training, fangs 1, strong nose
a: Bend Time, Temporal Distortion, Slouch, Step From Time, Renounce Religion


You were on level 10 of the Dungeon.
You worshipped Cheibriados.
Cheibriados was extremely pleased with you.
You were hungry.

You visited 2 branches of the dungeon, and saw 11 of its levels.
You also visited: Sewer.

You collected 555 gold pieces.
You spent 252 gold pieces at shops.

Inventory:

Hand Weapons
 a - a +1 mace (weapon)
 o - a +0 hunting sling
 v - a +0 blowgun
 H - a +0 long sword of freezing
Missiles
 b - 4 tomahawks of returning (quivered)
 g - a throwing net
 I - 27 poisoned needles
Armour
 h - a +0 helmet (worn)
 n - a +0 buckler (worn)
 t - a +2 pair of gloves (worn)
 w - the +2 robe of Lugoal (worn) {MR+ SInv}
   (You found it on level 8 of the Dungeon)

   It affects your resistance to hostile enchantments.
   It lets you see invisible.
 K - a cursed -2 shield
Jewellery
 s - a ring of wizardry (left hand)
 D - a ring of protection from cold (right hand)
Wands
 e - a wand of paralysis (16)
 z - a wand of iceblast (4)
 G - a wand of scattershot (6)
Scrolls
 c - 2 scrolls of magic mapping
 i - 4 scrolls of enchant armour
 j - 8 scrolls of enchant weapon
 k - 5 scrolls of identify
 l - 5 scrolls of remove curse
 m - 3 scrolls of teleportation
 q - a scroll of fear {unknown}
 y - a scroll of random uselessness {unknown}
 A - 2 scrolls of blinking
 F - a scroll of acquirement {unknown}
Potions
 f - 2 potions of curing
 p - a potion of agility
 u - 5 potions of brilliance
 x - 2 potions of flight
 B - a potion of mutation {unknown}
 C - a potion of lignification {unknown}
 E - 2 potions of might {unknown}
 J - a potion of berserk rage {unknown}
Comestibles
 d - 23 rations
 r - a chunk of flesh


   Skills:
 + Level 7.5 Fighting
 + Level 5.8 Short Blades
 + Level 5.8 Long Blades
 + Level 5.8 Axes
 + Level 7.5 Maces & Flails
 + Level 5.8 Polearms
 + Level 5.8 Staves
 + Level 5.8 Slings
 + Level 5.8 Bows
 + Level 5.8 Crossbows
 + Level 5.8 Throwing
 + Level 6.4 Armour
 + Level 7.5 Dodging
 + Level 5.8 Stealth
 + Level 5.8 Shields
 + Level 5.8 Unarmed Combat
 + Level 7.7 Spellcasting
 + Level 4.8 Conjurations
 + Level 4.8 Hexes
 + Level 7.4 Charms
 + Level 4.8 Summonings
 + Level 4.8 Necromancy
 + Level 4.8 Translocations
 + Level 4.8 Transmutations
 + Level 4.8 Fire Magic
 + Level 4.8 Ice Magic
 + Level 4.8 Air Magic
 + Level 4.8 Earth Magic
 + Level 4.8 Poison Magic
 + Level 6.4 Invocations
 + Level 5.8 Evocations


You had 3 spell levels left.
You knew the following spells:

 Your Spells              Type           Power        Failure   Level  Hunger
a - Infusion              Chrm           ####         1%          1    None
b - Mephitic Cloud        Conj/Pois/Air  #####...     1%          3    None
c - Shroud of Golubria    Chrm/Tloc      #####.....   1%          2    None
d - Regeneration          Chrm/Necr      #####.....   1%          3    None
e - Spectral Weapon       Hex/Chrm       #####...     1%          3    None
f - Ozocubu's Armour      Chrm/Ice       #####...     1%          3    None
g - Gell's Gravitas       Tloc           #####.....   1%          3    None
h - Throw Icicle          Conj/Ice       #####...     3%          4    ##.....

Your spell library contained the following spells:

 Spells                   Type           Power        Failure   Level  Hunger
 Fireball                 Conj/Fire      #####.....   9%          5    ####...
 Conjure Flame            Conj/Fire      #####...     1%          3    None
 Confuse                  Hex            #####...     1%          3    None
 Throw Flame              Conj/Fire      #####.       1%          2    None
 Throw Frost              Conj/Ice       #####.       1%          2    None
 Venom Bolt               Conj/Pois      #####.....   9%          5    ####...
 Olgreb's Toxic Radiance  Pois           #####...     3%          4    ##.....
 Freeze                   Ice            ####         1%          1    None
 Sticky Flame             Conj/Fire      #####...     3%          4    ##.....
 Summon Ice Beast         Ice/Summ       #####...     3%          4    ##.....
 Sting                    Conj/Pois      ####         1%          1    None
 Iron Shot                Conj/Erth      #####.....   41%         6    ######.
 Confusing Touch          Hex            #####.       1%          1    None
 Flame Tongue             Conj/Fire      #####        1%          1    None
 Metabolic Englaciation   Hex/Ice        #####.....   9%          5    ####...
 Petrify                  Tmut/Erth      #####...     3%          4    ##.....
 Inner Flame              Hex/Fire       #####...     1%          3    None
 Song of Slaying          Chrm           ######..     1%          2    None
 Yara's Violent Unravell  Hex/Tmut       #####.....   9%          5    ####...
 Poisonous Vapours        Pois/Air       #####.       1%          2    None


Dungeon Overview and Level Annotations

Branches:
Dungeon (10/15)            Temple (1/1) D:4
   Lair: D:8-11         Orc: D:9-12

Altars:
Ashenzari
Cheibriados
Dithmenos
Fedhas
Hepliaklqana
Kikubaaqudgha
Makhleb
Okawaru
Qazlal
Sif Muna
Uskayaw
Wu Jian
Xom
Zin
The Shining One

Shops:
D:5 ?


Innate Abilities, Weirdness & Mutations

Your experience applies equally to all skills.
You have very sharp teeth.
Your uncanny sense of smell can sniff out nearby items.


Message History

* * * LOW HITPOINT WARNING * * *
You closely miss the unseen horror.
You bite the unseen horror, but do no damage.
The unseen horror is moderately wounded.
The unseen horror closely misses you.
The unseen horror barely misses your spectral weapon.
The unseen horror hits your spectral weapon.
Your spectral weapon shares its damage with you!
* * * LOW HITPOINT WARNING * * *
You hit the unseen horror. You bite the unseen horror.
The unseen horror is heavily wounded.
The unseen horror hits you.
* * * LOW HITPOINT WARNING * * *
You barely miss the yak. Your bite misses the yak.
The yak is lightly wounded.
Your spectral weapon hits the yak!
The unseen horror hits you but does no damage.
The yak closely misses your spectral weapon.
The yak gores you!!
You die...

######..##.'# ∆ .
##....# # #∆ ∆ /
##...# .#. .#
#...###'# #'###
##...#....∆
.....# #..#.#...#
#F....# ##...+
#x##Yl....'
##..###.)Y# #
#..#[..@(# ..
##.###+#####'###
###
##..............
..
###.......†...# .
#.
..........######
.. #.
##........### .#
#. #####......##
.# #. ##......##
##.# #[
#######..#####..#
#.


You could see a komodo dragon, 2 yaks, an unseen horror (invisible), a bullfrog
and a friendly spectral mace.

Vanquished Creatures
  The ghost of Foxy the Bolt Thrower, a novice KoAM of Okawaru (D:5)
  Maurice (D:9)
  4 hippogriffs
  A vampire (D:10)
  4 yaks
  A wraith (D:10)
  Menkaure (D:6)
  Duvessa (D:7)
  3 ice beasts
  4 orc warriors
  A phantom (D:5)
  A black bear (D:7)
  6 ogres
  A centaur (D:9)
  2 big kobolds
  Blork the orc (D:4)
  6 bullfrogs
  A wyvern zombie (D:6)
  Dowan (D:6)
  5 scorpions
  3 killer bees (D:10)
  3 howler monkeys
  2 bullfrog zombies
  8 crimson imps
  A jelly (D:10)
  A centaur zombie (D:5)
  A centaur skeleton (D:9)
  6 hounds
  6 orc priests
  10 orc wizards
  4 bullfrog skeletons
  4 iguanas
  7 worker ants
  2 killer bee zombies (D:7)
  A hound skeleton (D:7)
  A worker ant zombie (D:7)
  12 gnolls
  8 adders
  A river rat (Sewer)
  A shadow imp (D:5)
  2 oozes
  An adder zombie (D:8)
  2 worms
  2 dart slugs (D:1)
  7 leopard geckos
  33 orcs
  4 ball pythons
  8 giant cockroaches
  11 goblins
  8 hobgoblins
  10 jackals
  13 kobolds
  2 quokkas
  8 bats
  3 frilled lizards
  A leopard gecko skeleton (D:7)
  A quokka zombie (D:9)
  23 rats
267 creatures vanquished.

Vanquished Creatures (others)
  4 spectral weapons
4 creatures vanquished.

Grand Total: 271 creatures vanquished

Notes
Turn   | Place    | Note
-------+----------+-------------------------------------------
     0 | D:1      | Yama the Gnoll Skald began the quest for the Orb.
     0 | D:1      | Reached XP level 1. HP: 20/20 MP: 6/6
    29 | D:1      | Reached XP level 2. HP: 18/26 MP: 7/7
   368 | D:1      | Learned a level 2 spell: Song of Slaying
   371 | D:1      | Learned a level 2 spell: Shroud of Golubria
   662 | D:1      | Reached XP level 3. HP: 31/31 MP: 9/9
   724 | D:1      | Reached skill level 5 in Spellcasting
   984 | D:1      | Reached skill level 1 in Invocations
  1581 | D:2      | Reached skill level 1 in Short Blades
  1581 | D:2      | Reached skill level 1 in Long Blades
  1581 | D:2      | Reached skill level 1 in Axes
  1581 | D:2      | Reached skill level 1 in Polearms
  1581 | D:2      | Reached skill level 1 in Staves
  1581 | D:2      | Reached skill level 1 in Slings
  1581 | D:2      | Reached skill level 1 in Bows
  1581 | D:2      | Reached skill level 1 in Crossbows
  1581 | D:2      | Reached skill level 1 in Throwing
  1581 | D:2      | Reached skill level 1 in Stealth
  1581 | D:2      | Reached skill level 1 in Shields
  1581 | D:2      | Reached skill level 1 in Unarmed Combat
  1581 | D:2      | Reached skill level 1 in Evocations
  1588 | D:2      | Reached XP level 4. HP: 36/38 MP: 9/11
  1841 | D:3      | Found a hazy altar of Hepliaklqana.
  1985 | D:2      | Learned a level 3 spell: Regeneration
  1989 | D:2      | Learned a level 3 spell: Spectral Weapon
  2163 | D:2      | Reached skill level 1 in Conjurations
  2163 | D:2      | Reached skill level 1 in Hexes
  2163 | D:2      | Reached skill level 1 in Summonings
  2163 | D:2      | Reached skill level 1 in Necromancy
  2163 | D:2      | Reached skill level 1 in Translocations
  2163 | D:2      | Reached skill level 1 in Transmutations
  2163 | D:2      | Reached skill level 1 in Fire Magic
  2163 | D:2      | Reached skill level 1 in Ice Magic
  2163 | D:2      | Reached skill level 1 in Air Magic
  2163 | D:2      | Reached skill level 1 in Earth Magic
  2163 | D:2      | Reached skill level 1 in Poison Magic
  2444 | D:3      | Reached XP level 5. HP: 38/43 MP: 12/12
  3130 | D:4      | Noticed Blork the orc
  3142 | D:4      | Killed Blork the orc
  3142 | D:4      | Reached XP level 6. HP: 36/50 MP: 10/13
  3349 | D:4      | Found a glowing drain.
  3361 | Sewer    | Entered a sewer
  3452 | Sewer    | Reached skill level 5 in Fighting
  3452 | Sewer    | Reached skill level 5 in Maces & Flails
  3452 | Sewer    | Reached skill level 5 in Dodging
  3514 | Sewer    | Found a white marble altar of Elyvilon.
  3696 | D:4      | Found a staircase to the Ecumenical Temple.
  3723 | Temple   | Entered the Ecumenical Temple
  3767 | Temple   | Became a worshipper of Cheibriados the Contemplative
  4234 | D:4      | Reached XP level 7. HP: 50/56 MP: 13/15
  4698 | D:5      | Entered Level 5 of the Dungeon
  4759 | D:5      | Noticed Foxy's ghost (novice KoAM)
  5097 | D:5      | Found Reock's Magic Scroll Shoppe.
  5101 | D:5      | Bought a scroll of blinking for 82 gold pieces
  5101 | D:5      | Bought a scroll of enchant weapon for 82 gold pieces
  5101 | D:5      | Bought a scroll of identify for 22 gold pieces
  5101 | D:5      | Bought a scroll of remove curse for 33 gold pieces
  5101 | D:5      | Bought a scroll of teleportation for 33 gold pieces
  5122 | D:5      | Found a shadowy altar of Dithmenos.
  5246 | D:5      | Reached * piety under Cheibriados
  5266 | D:5      | Learned a level 3 spell: Ozocubu's Armour
  5270 | D:5      | Learned a level 3 spell: Gell's Gravitas
  5390 | D:5      | Reached XP level 8. HP: 49/63 MP: 16/16
  5570 | D:5      | Killed Foxy's ghost
  6109 | D:6      | Noticed Menkaure
  6118 | D:6      | Killed Menkaure
  6500 | D:6      | Reached XP level 9. HP: 61/69 MP: 12/18
  6636 | D:6      | Found a shattered altar of Ashenzari.
  6724 | D:6      | Found a burning altar of Makhleb.
  6724 | D:6      | Noticed a balrug
  6965 | D:6      | Reached ** piety under Cheibriados
  7345 | D:7      | Reached skill level 5 in Armour
  7554 | D:7      | Noticed Duvessa
  7563 | D:7      | Noticed Dowan
  7575 | D:7      | Killed Duvessa
  7607 | D:7      | Was placed under penance by Cheibriados
  7634 | D:6      | Killed Dowan
  7634 | D:6      | Was forgiven by Cheibriados
  7892 | D:7      | Reached skill level 5 in Invocations
  8422 | D:7      | Reached XP level 10. HP: 62/77 MP: 20/20
  8533 | D:7      | Learned a level 4 spell: Throw Icicle
  8802 | D:8      | Reached *** piety under Cheibriados
  9174 | D:8      | Identified the Tome of Boosts and Clay
  9350 | D:8      | Got an opalescent robe
  9361 | D:8      | Identified the +2 robe of Lugoal {MR+ SInv} (You found it on level 8 of the Dungeon)
  9434 | D:9      | Reached skill level 5 in Short Blades
  9434 | D:9      | Reached skill level 5 in Long Blades
  9434 | D:9      | Reached skill level 5 in Axes
  9434 | D:9      | Reached skill level 5 in Polearms
  9434 | D:9      | Reached skill level 5 in Staves
  9434 | D:9      | Reached skill level 5 in Slings
  9434 | D:9      | Reached skill level 5 in Bows
  9434 | D:9      | Reached skill level 5 in Crossbows
  9434 | D:9      | Reached skill level 5 in Throwing
  9434 | D:9      | Reached skill level 5 in Stealth
  9434 | D:9      | Reached skill level 5 in Shields
  9434 | D:9      | Reached skill level 5 in Unarmed Combat
  9434 | D:9      | Reached skill level 5 in Evocations
  9547 | D:9      | HP: 3/77 [orc priest/divine providence (10)]
  9859 | D:9      | Found an ornate altar of the Wu Jian Council.
  9860 | D:9      | Found a stormy altar of Qazlal.
  9874 | D:9      | Found a deep blue altar of Sif Muna.
 10032 | D:9      | Noticed Maurice
 10047 | D:9      | Killed Maurice
 10047 | D:9      | Reached **** piety under Cheibriados
 10458 | D:9      | Found a snail-covered altar of Cheibriados.
 10525 | D:9      | Learned a level 3 spell: Mephitic Cloud
 10747 | D:10     | Entered Level 10 of the Dungeon
 11145 | D:10     | Noticed an unseen horror
 11193 | D:10     | Reached XP level 11. HP: 53/84 MP: 18/22
 11211 | D:10     | Reached ***** piety under Cheibriados
 11252 | D:10     | Slain by a yak

Vault maps used:
D:1:      lightli_arrival_statuegarden, minmay_tiny_reverse_x
D:2:      first_ration
D:3:      old_standard_altar
D:4:      minmay_temple_entry_metal_lava, gup_sewer_entry_pipe,
          uniq_blork_the_orc
D:5:      serial_shops, shop, kennysheep_flooded_box, corner_web_ring,
          grunt_dithmenos_smoke_and_mirrors
D:6:      ashenzari_altar_1, makhleb_altar_promises_db, uniq_menkaure
D:7:      grunt_ogre_cave, uniq_duvessa
D:9:      grunt_temple_overflow_open, palyth_stone_intersect,
          cheibriados_altar_1, uniq_maurice
D:10:     minmay_the_grid_square_5x5_4x4
Temple:   minmay_crystal_spiral_temple
Sewer:    sewer_kobolds

Skill      XL: |  1  2  3  4  5  6  7  8  9 10 |
---------------+-------------------------------+-----
Spellcasting   | 5 6 7 |  7.7
Invocations    | 1 2 3 4 5 6 |  6.4
Short Blades   | 1 2 3 4 5 |  5.8
Long Blades    | 1 2 3 4 5 |  5.8
Axes           | 1 2 3 4 5 |  5.8
Polearms       | 1 2 3 4 5 |  5.8
Staves         | 1 2 3 4 5 |  5.8
Slings         | 1 2 3 4 5 |  5.8
Bows           | 1 2 3 4 5 |  5.8
Crossbows      | 1 2 3 4 5 |  5.8
Throwing       | 1 2 3 4 5 |  5.8
Stealth        | 1 2 3 4 5 |  5.8
Shields        | 1 2 3 4 5 |  5.8
Unarmed Combat | 1 2 3 4 5 |  5.8
Evocations     | 1 2 3 4 5 |  5.8
Conjurations   | 1 2 3 4 |  4.8
Hexes          | 1 2 3 4 |  4.8
Summonings     | 1 2 3 4 |  4.8
Necromancy     | 1 2 3 4 |  4.8
Translocations | 1 2 3 4 |  4.8
Transmutations | 1 2 3 4 |  4.8
Fire Magic     | 1 2 3 4 |  4.8
Ice Magic      | 1 2 3 4 |  4.8
Air Magic      | 1 2 3 4 |  4.8
Earth Magic    | 1 2 3 4 |  4.8
Poison Magic   | 1 2 3 4 |  4.8
Armour         | 3 4 5 6 |  6.4
Fighting       | 5 6 7 |  7.5
Maces & Flails | 5 6 7 |  7.5
Dodging        | 5 6 7 |  7.5
Charms         | 6 7 |  7.4

Action                   |  1- 3 |  4- 6 |  7- 9 | 10-12 || total
-------------------------+-------+-------+-------+-------++-------
Melee: Mace              |   123 |   185 |   331 |   338 ||   977
       Bite              |    10 |    14 |    69 |    82 ||   175
       Punch             |       |     3 |     1 |       ||     4
       Long sword        |       |       |    44 |    17 ||    61
 Fire: Blowgun           |       |       |    50 |    10 ||    60
Throw: Throwing net      |       |       |     1 |       ||     1
       Tomahawk          |       |       |       |     9 ||     9
 Cast: Infusion          |     1 |     3 |       |       ||     4
       Shroud of Golubri |     1 |     2 |     1 |       ||     4
       Spectral Weapon   |       |     5 |    20 |    14 ||    39
       Regeneration      |       |     4 |     2 |     4 ||    10
       Song of Slaying   |       |     2 |       |       ||     2
       Ozocubu's Armour  |       |       |     4 |    10 ||    14
       Gell's Gravitas   |       |       |     2 |    10 ||    12
       Throw Icicle      |       |       |       |    35 ||    35
       Mephitic Cloud    |       |       |       |     1 ||     1
Evoke: Wand              |       |       |       |     3 ||     3
  Use: Scroll            |       |     7 |     4 |     2 ||    13
       Potion            |       |     2 |       |     9 ||    11
 Stab: Sleeping          |     4 |     4 |     6 |     5 ||    19
       Distracted        |       |       |     4 |     4 ||     8
       Paralysed         |       |       |       |    11 ||    11
       Confused          |       |       |       |     1 ||     1
  Eat: Chunk             |     2 |    10 |    10 |     9 ||    31
Armor: Leather armour    |    18 |    34 |   124 |    17 ||   193
       Robe              |       |       |       |    52 ||    52
Dodge: Dodged            |    94 |   154 |   285 |   335 ||   868
Block: Buckler           |       |       |    85 |   130 ||   215
       Rpst.: Long sword |       |       |     8 |     3 ||    11

Table legend:
 A = Spawn XP
 B = Non-spawn XP
 C = Spawn XP percentage of total XP
 D = Spawn monster count
 E = Non-spawn monster count
 F = Spawn count percentage of total count
 G = Total turns spent on level
                    A         B        C        D         E        F      G
               +---------+---------+-------+---------+---------+-------+---------
         Total |       0 |    9872 |   0.0 |       0 |     267 |   0.0 | 11252
               +---------+---------+-------+---------+---------+-------+---------
           D:1 |       0 |      58 |   0.0 |       0 |      33 |   0.0 |  1101
           D:2 |       0 |      78 |   0.0 |       0 |      25 |   0.0 |  1149
           D:3 |       0 |     113 |   0.0 |       0 |      20 |   0.0 |   821
           D:4 |       0 |     284 |   0.0 |       0 |      20 |   0.0 |  1256
           D:5 |       0 |    1228 |   0.0 |       0 |      26 |   0.0 |  1374
           D:6 |       0 |     672 |   0.0 |       0 |      17 |   0.0 |  1340
           D:7 |       0 |    2149 |   0.0 |       0 |      32 |   0.0 |  1113
           D:8 |       0 |     754 |   0.0 |       0 |      19 |   0.0 |   858
           D:9 |       0 |    3032 |   0.0 |       0 |      43 |   0.0 |  1383
          D:10 |       0 |    1373 |   0.0 |       0 |      20 |   0.0 |   486
         Sewer |       0 |     131 |   0.0 |       0 |      12 |   0.0 |   284
               +---------+---------+-------+---------+---------+-------+---------
